 Dungeon Crawl Stone Soup version 0.23.0-3-gf3c87f2 (webtiles) character file.

Game seed: 13304581176929274652

102 sking99 the Magician (level 4, -2/24 HPs)
             Began as a Deep Elf Transmuter on Feb 23, 2019.
             Slain by Natasha (7 damage)
             ... on level 2 of the Dungeon.
             The game lasted 00:06:46 (3085 turns).

sking99 the Magician (Deep Elf Transmuter)          Turns: 3085, Time: 00:06:47

Health: -2/24      AC:  2    Str:  7    XL:     4   Next: 50%
Magic:  4/12       EV: 21    Int: 19    God:
Gold:   85         SH:  0    Dex: 20    Spells: 5/11 levels left

rFire    . . .     SeeInvis .     - Unarmed
rCold    . . .     Gourm    .   (shield currently unavailable)
rNeg     . . .     Faith    .   (armour currently unavailable)
rPois    x         Spirit   .   (helmet currently unavailable)
rElec    .         Reflect  .   (cloak currently unavailable)
rCorr    .         Harm     .   (gloves currently unavailable)
MR       .....                  (boots currently unavailable)
Stlth    ++........             (no amulet)
HPRegen  0.08/turn              (no ring)
MPRegen  0.13/turn              (no ring)

@: spider-form, very slightly contaminated, slowed, very slow
A: tiny
a: End Transformation


You were on level 2 of the Dungeon.
You were not hungry.
You were a venomous arachnid creature.
You visited 1 branch of the dungeon, and saw 2 of its levels.

You collected 85 gold pieces.

Inventory:

Missiles
 a - 32 arrows
Armour
 b - a +0 robe (melded)
Scrolls
 c - a scroll of magic mapping {unknown}
 g - a scroll of remove curse {unknown}
 h - a scroll of teleportation {unknown}
 i - a scroll of identify {unknown}
Potions
 e - 2 potions of lignification {unknown}
Comestibles
 d - 2 rations
 f - a chunk of flesh


   Skills:
 - Level 0.7 Fighting
 + Level 3.3 Dodging
 * Level 3.3 Unarmed Combat
 + Level 4.0 Spellcasting
 + Level 3.0 Transmutations


You had 5 spell levels left.
You knew the following spells:

 Your Spells              Type           Power        Failure   Level  Hunger
a - Beastly Appendage     Tmut           ###...       13%         1    None
b - Sticks to Snakes      Tmut           ###.....     17%         2    ##.....
c - Spider Form           Tmut/Pois      #.........   43%         3    ###....

Your spell library contained the following spells:

 Spells                   Type           Power        Failure   Level  Hunger
 Ice Form                 Ice/Tmut       #.......     78%         4    ####...
 Blade Hands              Tmut           ###.......   88%         5    ######.


Dungeon Overview and Level Annotations

Branches:
Dungeon (2/15)

Altars:

Annotations:
D:2 Natasha


Message History

Confirm with . or Enter, or press ? or * to list all spells.
You turn into a venomous arachnid creature.
Your +0 robe melds into your body.
Natasha stares at you and mumbles some strange words.
You feel yourself slow down. Natasha claws you!
Natasha wildly gestures.
You feel disoriented. Natasha completely misses you.
There is an open door here.
You hit Natasha but do no damage.
Natasha is poisoned.
Natasha misses you.
You barely miss Natasha.
Natasha is lightly wounded.
Natasha stares at you and mumbles some strange words.
The magic dart hits you!
* * * LOW HITPOINT WARNING * * *
You hit Natasha but do no damage.
Natasha looks as sick as possible!
Natasha is heavily wounded.
Natasha completely misses you. Natasha claws you!
You die...

##..# #.#.###...## ##.## ####
##..# ##.## ##### #.# #... .#..#
#.# #.# #... ....# #.# ##'## #.##
...## #.# ##...## #. .### #.####
##.....## #.## .#### #>##.##
##.......## #...
....####.#...####.........####...
................s.........+......
.##.####.#...####h........####...
.##.# #.##.## ##.......## #...
.##.# #.#### ##.....## #..# ###^#
#....# ##...## #..# ###.# ####.#
##'## #..# ....# #.#
##.########..) ##### #.#
#........##... # #.#
#..#####.#####


You could see Natasha.

Vanquished Creatures
  Natasha (D:2)
  4 adders (D:2)
  2 dart slugs (D:1)
  A leopard gecko (D:1)
  4 bats
  2 giant cockroaches
  3 goblins
  3 hobgoblins
  2 jackals (D:2)
  11 kobolds
  4 frilled lizards
  6 rats
43 creatures vanquished.

Vanquished Creatures (collateral kills)
  A bat (D:2)
1 creature vanquished.

Grand Total: 44 creatures vanquished

Notes
Turn   | Place    | Note
-------+----------+-------------------------------------------
     0 | D:1      | sking99 the Deep Elf Transmuter began the quest for the
                  | Orb.
     0 | D:1      | Reached XP level 1. HP: 11/11 MP: 6/6
   486 | D:1      | Reached XP level 2. HP: 8/16 MP: 6/8
   493 | D:1      | Learned a level 2 spell: Sticks to Snakes
  1733 | D:2      | Reached XP level 3. HP: 17/20 MP: 6/10
  1738 | D:2      | Learned a level 3 spell: Spider Form
  2363 | D:2      | Noticed Natasha
  2372 | D:2      | Killed Natasha
  2372 | D:2      | Reached XP level 4. HP: 13/24 MP: 7/11
  2879 | D:2      | Reached skill level 4 in Spellcasting
  3075 | D:2      | Noticed Natasha
  3085 | D:2      | Slain by Natasha

Skill      XL: |  1  2  3  4 |
---------------+-------------+-----
Dodging        | 3 |  3.3
Unarmed Combat | 3 |  3.3
Spellcasting   | 4 |  4.0
Transmutations | 3 |  3.0
Fighting       | |  0.7

Action                   |  1- 3 |  4- 6 || total
-------------------------+-------+-------++-------
Melee: Unarmed           |   117 |    22 ||   139
       Headbutt          |     8 |       ||     8
       Kick              |     9 |       ||     9
       Punch             |     2 |       ||     2
 Cast: Beastly Appendage |    21 |       ||    21
       Spider Form       |     9 |     6 ||    15
       Sticks to Snakes  |     2 |     2 ||     4
 Stab: Sleeping          |     2 |     3 ||     5
  Eat: Chunk             |     5 |     3 ||     8
Armor: Robe              |    27 |       ||    27
       Skin              |     1 |       ||     1
Dodge: Dodged            |    73 |    21 ||    94
